 BcadrenCrawl: Boulder Brew version 0.04.2-10-g17648f679b (webtiles) character file.

Game seed: 14691237334977916907, levelgen mode: deterministic

5809 gruber the Nimble (level 10, -8/63 HPs) Octopode Demonspawn. Began on May 2, 2021. Was a Believer of Vehumet. Mangled by an orc knight ... wielding a +2 war axe (17 damage) ... on level 5 of the Dungeon. The game lasted 00:17:08 (5613 turns).

gruber the Nimble (Octopode Demonspawn)             Turns: 5613, Time: 00:17:08

Health: -8/63      AC:  5    Str: 14    XL:     10 ^: 928
Magic:  0/19       EV: 18    Int: 17    God:    Vehumet [2* [52]]
Gold:   379        SH:  2    Dex: 12    Spells: 9/21 levels left

rFire    . . .     Vision   .   a - +0 trident
rCold    . . .     Gourm    .   p - +0 buckler
rNeg     + . .     Faith    .   (helmet restricted)
rPois    .         Spirit   +   E - amulet of magic regeneration
rElec    .         Reflect  .   n - ring of positive energy
rCorr    +         Harm     .   D - ring of resist corrosion
MR       .....                  (no ring)
Stlth    +++.......             (no ring)
HPRegen  0.31/turn              (no ring)
MPRegen  0.83/turn              (no ring)
                                (no ring)
                                (no ring)

@: no status effects
A: almost no armour, stealthy swim, amphibious, 8 rings, constrict 8, iridescent
scales 2, camouflage 1, demonic guardian 1, gelatinous body 1, magic shield,
magic regeneration
a: Renounce Religion


You were on level 5 of the Dungeon.
You worshipped Vehumet.
Vehumet was pleased with you.
You were near starving.

You visited 2 branches of the dungeon, and saw 6 of its levels.

You collected 379 gold pieces.

Inventory:

Weapons
 a - a +0 trident (weapon)
 s - a +1 whip of molten steel
 w - a +2 flail of protection Shields
 p - a +0 buckler (shield)
Jewellery
 m - a cursed ring of dexterity {(Curse: MR-)}
 n - a ring of positive energy (left tentacle)
 y - an uncursed ring of fire
 A - a cursed ring of ice {(Curse: *Drain)}
 C - a cursed ring of wizardry {(Curse: *Drain)}
 D - a ring of resist corrosion (right tentacle)
 E - an amulet of magic regeneration (around mantle)
Wands
 l - a wand of enslavement (4)
 o - a wand of hasting (6)
 v - a wand of clouds (1)
 B - a wand of disintegration (1)
Scrolls
 d - 2 scrolls of enchantment
 f - a scroll of summoning
 h - 3 scrolls of amnesia
 k - a scroll of bless item
 q - a scroll of blinking
 t - a scroll of teleportation
Potions
 e - 4 potions of brilliance
 g - 3 potions of heal wounds
 i - 4 potions of curing
 j - 2 potions of invisibility
 r - a potion of agility
 u - 3 potions of cure mutation
 z - a potion of might
Comestibles
 c - 15 rations


   Skills:
 - Level 4.0 Fighting
 - Level 3.3 Polearms
 * Level 9.9 Dodging
 - Level 2.6 Stealth
 - Level 5.2 Shields
 - Level 6.2 Spellcasting
 - Level 7.0 Translocations
 - Level 2.1 Fire Magic
 - Level 4.0 Air Magic
   Level 3.0 Invocations


You had 9 spell levels left.
You knew the following spells:

 Your Spells              Type           Power        Failure   Level  Hunger
a - Flame Tongue          Fire           12 (30)      5%          1    None
b - Blink                 Tloc           N/A          1%          2    None
c - Mephitic Cloud        Pois/Air       12 (100)     17%         3    ##.....
d - Shroud of Golubria    Chrm/Tloc      17 (200)     4%          2    None
e - Force Lance           Tloc/Air       24 (200)     13%         4    ####...

Your spell library contained the following spells:

 Spells                   Type           Power        Failure   Level  Hunger
 Shock                    Air            18 (25)      2%          1    None
 Foxfire                  Fire           12 (25)      5%          1    None
 Passage of Golubria      Tloc           N/A          7%          4    ####...
 Teleport Other           Hex/Tloc       17 (100)     9%          3    ##.....
 Conjure Flame            Fire           12 (100)     16%         3    ##.....
 Call Imp                 Summ           5 (100)      19%         2    None
 Slow                     Hex            5 (100)      19%         2    None
 Force Lasso              Tloc/Erth      17 (200)     28%         4    ####...


Dungeon Overview and Level Annotations

Branches:
Dungeon (5/8)              Temple (1/1) D:4            Lair (0/6) D:5

Altars:
Ashenzari
Cheibriados
Dithmenos
Elyvilon
Fedhas Madash
Gozag Ym Sagoz
Kikubaaqudgha
Makhleb
Nemelex Xobeh
Okawaru
Qazlal
Ru
Sif Muna
Trog
Vehumet
Wu Jian
Xom
Zin
Beogh

Annotations:
D:4 1 runed translucent door, Erica


Innate Abilities, Weirdness & Mutations

You cannot wear most types of armour.
You are very stealthy in the water. (Stealth+)
You are amphibious.
You can wear up to eight rings at the same time.
You can use your tentacles to constrict four enemies at once.
You are mostly covered in iridescent scales. (AC +4)
Your skin changes colour to match your surroundings (Stealth+).
A weak demonic guardian rushes to your aid.
Your rubbery body absorbs attacks. (AC +1, EV +1)
When hurt, damage is shared between your health and your magic reserves.
You regenerate magic rapidly.


Message History

Unknown command.
Unknown command.
The orc knight seems less confused.
The orc knight hits you with a +2 war axe (18)!!
* * * LOW HITPOINT WARNING * * *
Casting: Force Lance (safe; 13% risk of failure)
Confirm with . or Enter, or press ? or * to list all spells.
You blink.
Unknown command.
Unknown command.
Casting: Blink (safe; 1% risk of failure)
Confirm with . or Enter, or press ? or * to list all spells.
You blink.
Unknown command.
Unknown command.
Casting: Blink (safe; 1% risk of failure)
Confirm with . or Enter, or press ? or * to list all spells.
You blink.
The orc knight hits you with a +2 war axe (17)!
You die...

#.##...PP# ...
#.###...## #.# ##.#
##.## #.# #..# #..#
#.# #.####.## #.#
#####......#
#.#####......5.###
#####.##..).###....#
...).))..#### #)@..#
#####.#### #".o§#
#.# #....# #.#
#...§# #.# #....#
#.# ##)### #># #.)#
#.# ##Y# #÷#


You could see an orc knight, a sky beast (wandering) and a friendly shadow imp
(invisible).

Vanquished Creatures
  A two-headed ogre (D:5)
  Pikel (D:3)
  A troll (D:5)
  Prince Ribbit (D:2)
  A hornet (D:4)
  A wyvern (D:5)
  Menkaure (D:3)
  A necrophage (D:4)
  2 soldier ants (D:4)
  8 orc warriors
  A porcupine (D:3)
  2 scorpions (D:4)
  An ice beast (D:5)
  3 ogres
  3 crocodiles (D:2)
  2 big kobolds (D:2)
  4 bullfrogs
  A centaur (D:5)
  A howler monkey (D:3)
  3 crimson imps
  6 orc priests
  4 hounds
  6 jellies
  7 orc wizards
  A mummy (D:4)
  5 worker ants
  2 wyvern zombies (D:4)
  A water moccasin skeleton (D:4)
  A wyvern skeleton (D:4)
  5 giant cockroaches
  2 bullfrog skeletons (D:4)
  A bullfrog zombie (D:4)
  A porcupine skeleton (D:4)
  7 gnolls (D:4)
  A shadow imp (D:1)
  14 adders
  29 sewer rats
  2 white imps (D:4)
  6 cinder newts
  2 worms
  A hound skeleton (D:4)
  2 dart slugs (D:1)
  4 leopard geckos
  22 orcs
  2 adder skeletons
  An adder zombie (D:5)
  A ball python (D:2)
  2 cinder newt skeletons (D:2)
  9 goblins (D:1)
  5 hobgoblins (D:1)
  3 jackals (D:3)
  17 kobolds
  A quokka (D:3)
  A ball python skeleton (D:4)
  13 bats
  A goblin skeleton (D:2)
  A jackal skeleton (D:4)
  2 leopard gecko skeletons
  2 quokka skeletons (D:4)
  8 rats
  2 plants (D:2)
  4 slaves (D:3)
  4 withered plants (D:2)
250 creatures vanquished.

Vanquished Creatures (collateral kills)
  An orc warrior (D:5)
  A necrophage (D:5)
  A scorpion (D:4)
  A sky beast (D:4)
  An ogre (D:5)
  A gnoll sergeant (D:4)
  A gnoll (D:4)
  An orc (D:4)
8 creatures vanquished.

Vanquished Creatures (others)
  A leopard gecko (D:2)
  23 plants
  48 withered plants (D:2)
72 creatures vanquished.

Grand Total: 330 creatures vanquished

Notes
Turn   | Place    | Note
-------+----------+-------------------------------------------
     0 | D:1      | gruber the Octopode Demonspawn began the quest for the Orb.
     0 | D:1      | Reached XP level 1. HP: 13/13 MP: 3/3
    37 | D:1      | Gained mutation: You are partially covered in iridescent
                  | scales. (AC +2) [demonic ancestry]
    37 | D:1      | Reached XP level 2. HP: 15/18 MP: 4/4
    95 | D:1      | Gained mutation: When hurt, damage is shared between your
                  | health and your magic reserves. [demonic ancestry]
    95 | D:1      | Reached XP level 3. HP: 21/23 MP: 5/5
   295 | D:1      | Noticed a bullfrog
   297 | D:1      | Identified a scroll of acquirement
   317 | D:1      | Reached XP level 4. HP: 11/30 MP: 2/6
   415 | D:1      | Killed a bullfrog
   415 | D:1      | Reached XP level 5. HP: 36/37 MP: 7/7
   422 | D:1      | Identified the +8 great sword of Shame {acid, rPois rF-
                  | rN+++ Int-5} (You acquired it on level 1 of the Dungeon)
   427 | D:1      | Learned a level 2 spell: Blink
   431 | D:1      | Learned a level 3 spell: Mephitic Cloud
   807 | D:2      | Reached XP level 6. HP: 23/43 MP: 5/10
  1058 | D:2      | Reached skill level 5 in Spellcasting
  1060 | D:2      | Reached XP level 7. HP: 46/48 MP: 12/14
  1417 | D:2      | Reached skill level 1 in Shields
  1735 | D:2      | Found a shimmering blue altar of Sif Muna.
  1737 | D:2      | Found a stormy altar of Qazlal.
  1757 | D:2      | Found a bloodstained altar of Trog.
  1757 | D:2      | Found a shattered altar of Ashenzari.
  1763 | D:2      | Found an ornate altar of the Wu Jian Council.
  1910 | D:2      | Noticed Prince Ribbit
  1922 | D:2      | Killed Prince Ribbit
  1922 | D:2      | Gained mutation: You are mostly covered in iridescent
                  | scales. (AC +4) [demonic ancestry]
  1922 | D:2      | Reached XP level 8. HP: 54/54 MP: 17/17
  2144 | D:2      | Reached skill level 5 in Shields
  2444 | D:3      | Learned a level 2 spell: Shroud of Golubria
  2449 | D:3      | Learned a level 4 spell: Force Lance
  2884 | D:3      | Noticed Pikel
  2914 | D:3      | Killed Pikel
  2914 | D:3      | Gained mutation: A weak demonic guardian rushes to your
                  | aid. [demonic ancestry]
  2914 | D:3      | Reached XP level 9. HP: 16/58 MP: 1/18
  3137 | D:3      | Noticed Menkaure
  3151 | D:3      | Killed Menkaure
  3498 | D:4      | Reached skill level 1 in Air Magic
  3663 | D:4      | Found a staircase to the Ecumenical Temple.
  3671 | D:4      | Noticed Erica
  3979 | D:4      | Found a runed translucent door.
  4201 | D:4      | Reached skill level 4 in Dodging
  4248 | Temple   | Entered the Ecumenical Temple
  4295 | Temple   | Became a worshipper of Vehumet
  4373 | D:4      | Reached skill level 5 in Dodging
  4462 | D:4      | Identified the +0 ring mail of Prudence {-Tele rCorr Dex+9}
  4470 | D:4      | Gained mutation: You regenerate magic rapidly. [demonic
                  | ancestry]
  4470 | D:4      | Reached XP level 10. HP: 47/63 MP: 15/19
  4606 | D:4      | Reached skill level 6 in Dodging
  4986 | D:4      | Reached skill level 7 in Dodging
  5060 | D:5      | Entered Level 5 of the Dungeon
  5129 | D:5      | Reached skill level 8 in Dodging
  5137 | D:5      | Reached * piety under Vehumet
  5137 | D:5      | Offered knowledge of Shock by Vehumet.
  5163 | D:5      | Noticed a two-headed ogre
  5192 | D:5      | Killed a two-headed ogre
  5286 | D:5      | Found a staircase to the Lair.
  5312 | D:5      | Found a roughly hewn altar of Beogh.
  5312 | D:5      | Noticed an orc knight
  5318 | D:5      | Reached skill level 9 in Dodging
  5387 | D:5      | Offered knowledge of Foxfire by Vehumet.
  5444 | D:5      | Reached ** piety under Vehumet
  5476 | D:5      | HP: 2/63 [orc warrior/+2 falchion of holy wrath (8)]
  5613 | D:5      | Mangled by an orc knight

Levels and vault maps discovered:
D:1:      scummos_arrival_checkerplants, layout_cave_pools, first_ration,
          kennysheep_small_spiral, minmay_divided_ellipse
D:2:      layout_sewer, nicolae_overflow_hidden_temple, sewer_frog_pond,
          serial_bayou, serial_bayou_lake_a, serial_bayou_shore_b,
          serial_bayou_pond_d
D:3:      layout_basic, uniq_pikel, uniq_menkaure
D:4:      layout_basic, minmay_temple_entry_glass, enter_ossuary_5,
          hangedman_pestilent_swarm, st_stairs_10, uniq_erica
D:5:      layout_roguey [special_room_orc], david_lair_shrubbed,
          kennysheep_generic_room_7
Temple:   kb_temple_of_zot

Skill      XL: |  1  2  3  4  5  6  7  8  9 10 |
---------------+-------------------------------+-----
Polearms       | 3 |  3.3
Fighting       | 2 3 4 |  4.0
Spellcasting   | 3 5 6 |  6.2
Shields        | 4 5 |  5.2
Translocations | 6 7 |  7.0
Air Magic      | 4 |  4.0
Dodging        | 5 9 |  9.9
Stealth        | |  2.6
Fire Magic     | |  2.1
Invocations    | |  3.0

Action                   |  1- 3 |  4- 6 |  7- 9 | 10-12 || total
-------------------------+-------+-------+-------+-------++-------
Melee: Trident           |    62 |    69 |   379 |   107 ||   617
       Unarmed           |    31 |    39 |    96 |       ||   166
       Tentacle Slap     |     2 |     6 |    17 |     3 ||    28
       Constrict         |     5 |    17 |    58 |    19 ||    99
       Tentacle Squeeze  |     5 |     9 |    48 |    11 ||    73
       Tentacle Smack    |     3 |     2 |    12 |     3 ||    20
       Tentacle Thwack   |       |     5 |    10 |     3 ||    18
 Cast: Flame Tongue      |     1 |       |     7 |     5 ||    13
       Mephitic Cloud    |       |       |     5 |    27 ||    32
       Blink             |       |       |     2 |     4 ||     6
       Force Lance       |       |       |       |    21 ||    21
Evoke: Wand              |       |       |     4 |       ||     4
  Use: Scroll            |       |     1 |       |       ||     1
       Potion            |       |       |     1 |       ||     1
 Stab: Sleeping          |     1 |     3 |    14 |     4 ||    22
       Distracted        |       |     1 |       |     3 ||     4
       Confused          |       |       |     2 |     2 ||     4
  Eat: Chunk             |       |       |    13 |     4 ||    17
       Ration            |       |       |       |     1 ||     1
Armor: Skin              |     2 |     5 |    39 |    10 ||    56
Dodge: Dodged            |    31 |    53 |   184 |    29 ||   297
Block: Other             |     6 |     9 |    24 |       ||    39
       Reflection        |       |     1 |     1 |     1 ||     3
       Buckler           |       |       |    55 |    19 ||    74
